AoeStats
← Whololo_95

Pilgrims

508379432Analyzed
2v2 RM · 9d ago on Sep 22, 2026· 53m 23s· 4 players
Game mode
Random Map
Map size
Medium (4 player)
Population
200
Speed
Normal
Resources
Standard
Victory
Conquest
Starting age
Dark Age
Ending age
Imperial Age
RankedLock teamsTeams togetherTeam positionsShared explorationLock speedFull tech treeHidden civsTurbo modeCheats
Victory
Defeat
🇳🇱 Gurjaras · Netherlands
927
+16
🇷🇴 Italians · Romania
886
+17
🇩🇪 Japanese · Germany
937
-17
🇩🇪 Inca · Germany
906
-16
stephenskocpol
8:11 Loom
9:57 Feudal Age
10:54 Fishing Lines
12:00 Loom
12:24 Gold Mining
13:04 Double-Bit Axe
13:10 Horse Collar
13:23 Horse Collar
15:32 Forging
15:27 Scale Barding Armor
15:18 Fletching
15:29 Padded Archer Armor
15:29 Scale Mail Armor
16:42 Bloodlines
18:43 Castle Age
17:19 Fletching
19:35 Bow Saw
19:30 Heavy Plow
19:21 Stone Mining
20:11 Gold Shaft Mining
21:11 Husbandry
21:52 Iron Casting
22:20 Wheelbarrow
21:30 Town Watch
21:49 Gillnets
24:10 Hand Cart
30:48 Imperial Age
28:50 Bodkin Arrow
28:56 Padded Archer Armor
29:17 Chain Barding Armor
28:57 Scale Mail Armor
29:34 Gold Shaft Mining
29:34 Stone Shaft Mining
30:52 Heavy Camel Rider
32:11 Plate Barding Armor
32:49 Crop Rotation
32:25 Bracer
32:41 Chain Mail Armor
32:26 Padded Archer Armor
34:35 Hoardings
33:30 Elite Skirmisher
34:54 Frontier Guards
34:18 Light Cavalry
34:25 Elite Skirmisher
35:15 Thumb Ring
35:14 Padded Archer Armor
36:50 Herbal Medicine
36:55 Arson
38:55 Chain Mail Armor
39:07 Town Patrol
40:03 Kshatriyas
41:26 Elite Elephant Archer
42:02 Elite Shrivamsha Rider
42:07 Hussar
45:01 Plate Mail Armor
44:46 Leather Archer Armor
45:02 Elite Shrivamsha Rider
45:05 Crossbowman
mihaimunti7
3:26 Loom
11:37 Feudal Age
17:26 Castle Age
15:26 Fletching
19:04 Medium Warships
19:03 Town Watch
19:25 Padded Archer Armor
19:24 Double-Bit Axe
19:08 Crossbowman
22:23 Wheelbarrow
24:24 Hand Cart
29:27 Bodkin Arrow
30:27 Bow Saw
29:59 Horse Collar
30:11 Gold Mining
33:55 Stone Mining
41:26 Imperial Age
41:37 Arbalester
42:22 Bracer
47:00 Ballistics
49:22 Leather Archer Armor
49:38 Thumb Ring
Whololo_95
14:28 Feudal Age
15:45 Wheelbarrow
14:56 Loom
15:13 Fishing Lines
15:21 Man-at-Arms
24:42 Castle Age
22:56 Forging
22:47 Scale Mail Armor
22:57 Double-Bit Axe
25:53 Medium Warships
25:59 Gambesons
25:34 Long Swordsman
26:14 Stone Mining
28:35 Bow Saw
28:34 Gold Mining
31:49 Gold Shaft Mining
33:53 Chain Mail Armor
35:18 Horse Collar
39:40 Hand Cart
40:13 Iron Casting
46:35 Imperial Age
48:36 Heavy Warships
47:58 Capped Ram
50:53 Two-Man Saw
49:17 Two-Handed Swordsman
54:07 Blast Furnace
53:37 Plate Mail Armor
53:01 Elite Samurai
54:02 Conscription
NoHara
4:31 Loom
12:21 Feudal Age
14:27 Double-Bit Axe
14:23 Horse Collar
16:08 Gold Mining
19:04 Castle Age
17:18 Padded Archer Armor
18:44 Wheelbarrow
21:37 Medium Warships
22:25 Bow Saw
23:49 Elite Skirmisher
23:53 Elite Skirmisher
27:59 Ballistics
28:09 Demolition Ship
29:44 Scale Mail Armor
32:42 Fletching
34:08 Heated Shot
34:46 Forging
34:51 Chain Mail Armor
34:35 Bodkin Arrow
34:55 Leather Archer Armor
35:04 Horse Collar
35:26 Stone Mining
36:26 Leather Archer Armor
36:52 Champi Runner
38:34 Iron Casting
43:56 Squires
43:16 Champi Warrior
45:01 Thumb Ring
45:50 Hand Cart
45:55 Heavy Plow
46:33 Pikeman
52:58 Imperial Age
55:08 Imperial Age
55:17 Imperial Age
Connection lost

Rejoining the realm…

Still unreachable

The connection could not be restored.

Session expired

The server has moved on; the page needs a fresh start.